Map: Data-C

Players

MattBarry

  • Race: Zerg Zerg
  • League: Silver
  • Spawn Location: 3:00

GtwoRIP - Winner!

  • Race: Zerg Zerg
  • League: Gold
  • Spawn Location: 9:00

VOD

Have the link to the VOD?

Description

Time

  • Played on: Jan. 19, 2023, 3:27 a.m.
  • Length: 13:59
Show
View Real Time Build Order
Export as new Build Order

MattBarry Zerg 

Build Orders: Pool First 

Get SALT Encoding   

  12  0:00  Drone  
  13  0:11  Drone  
  14  0:17  Overlord  
  14  0:25  Drone, Extractor  
  15  0:41  Spawning Pool  
  14  0:43  Extractor  
  14  0:45  Drone  
  14  0:49  Drone  
  15  0:58  Drone  
  15  1:00  Drone  
  17  1:08  Drone  
  18  1:26  Hatchery  
  18  1:30  Drone  
  18  1:33  Zergling x2  
  19  1:44  Metabolic Boost  
  19  1:52  Queen  
  21  1:56  Zergling x2  
  22  2:04  Extractor  
  22  2:06  Zergling x2, Evolution Chamber  
  22  2:08  Zergling x2  
  22  2:11  Overlord  
  24  2:34  Zergling x2  
  24  2:35  Zergling x2  
  26  2:43  Queen  
  28  2:48  Drone  
  28  2:49  Drone  
  29  3:04  Zergling x2, Drone x2  
  29  3:05  Zergling x6  
  35  3:19  Drone  
  35  3:20  Overlord  
  35  3:21  Drone  
  32  3:33  Zergling x2  
  36  3:34  Zergling x6  
  36  3:37  Overlord x2  
  36  3:42  Roach Warren  
  36  3:48  Queen  
  37  3:51  Extractor  
  37  3:53  Spine Crawler  
  35  3:57  Extractor  
  35  4:02  Baneling Nest  
  33  4:05  Drone x2  
  33  4:06  Drone  
  36  4:13  Drone x2  
  39  4:17  Drone  
  40  4:38  Drone  
  41  4:39  Drone x8  
  49  4:45  Extractor  
  45  5:13  Zergling x14  
  47  5:33  Hatchery  
  46  5:36  Lair  
  46  5:44  Evolution Chamber  
  46  5:45  Evolution Chamber  
  42  6:02  Zergling x2  
  42  6:03  Zergling x22  
  53  6:07  Baneling x7  
  53  6:08  Baneling  
  53  6:16  Drone x2  
  55  6:30  Hatchery  
  44  6:55  Zergling x2  
  44  6:56  Zergling x10, Roach x5  
  54  7:05  Queen, Hydralisk Den  
  54  7:07  Queen  
  57  7:11  Spine Crawler  
  56  7:18  Glial Reconstitution  
  56  7:22  Zerg Missile Weapons Level 1  
  56  7:24  Zerg Melee Weapons Level 1  
  56  7:25  Roach  
  50  8:00  Roach x9  
  50  8:03  Zergling x2  
  50  8:04  Zergling x2  
  66  8:12  Roach  
  44  8:28  Zergling x2  
  28  8:46  Drone  
  25  9:12  Drone  
  25  9:16  Drone  
  24  9:33  Drone  
  24  9:37  Drone  
  26  9:44  Drone  
  27  9:51  Drone  
  28  10:09  Drone x2  
  28  10:10  Drone  
  31  10:17  Drone  
  31  10:20  Drone  
  33  10:25  Drone  
  34  10:38  Drone x3  
  37  10:52  Spore Crawler  
  36  11:04  Drone x6  
  38  11:10  Grooved Spines  
  42  11:24  Queen x2  
  45  11:42  Hydralisk x4  
  45  11:45  Hydralisk  
  55  11:52  Drone x2  
  55  11:53  Drone  
  55  11:54  Drone  
  59  11:56  Drone  
  60  12:06  Spire  
  59  12:11  Queen  
  59  12:14  Zergling x2  
  59  12:15  Zergling x2  
  63  12:17  Drone  
  63  12:20  Overlord  
  64  12:24  Overlord  
  64  12:32  Spine Crawler  
  64  12:34  Spine Crawler  
  62  12:42  Queen  
  60  12:52  Zergling x2  
  60  12:53  Zergling x10  
  60  12:54  Zergling x2  
  60  12:57  Zergling x2  
  67  13:08  Overlord  
  65  13:16  Spine Crawler  
  65  13:18  Spine Crawler  
  58  13:24  Overlord  
  57  13:32  Spine Crawler  
  56  13:38  Drone  
  56  13:39  Overlord  
  56  13:40  Overlord x2  
Show
View Real Time Build Order
Export as new Build Order

GtwoRIP Zerg - Winner!

Build Orders: Hatch First 

Get SALT Encoding   

  12  0:00  Drone  
  13  0:12  Overlord  
  13  0:17  Drone  
  14  0:30  Drone x2  
  16  0:50  Hatchery  
  16  0:52  Drone  
  16  1:11  Spawning Pool  
  16  1:12  Drone  
  16  1:13  Drone  
  16  1:16  Extractor  
  16  1:23  Drone  
  16  1:24  Drone  
  18  1:35  Drone  
  19  1:45  Overlord  
  19  1:58  Queen  
  21  2:02  Queen  
  21  2:05  Zergling x4  
  25  2:26  Drone x2  
  25  2:28  Drone x2  
  28  2:57  Zergling x6, Drone  
  28  2:58  Drone x2  
  34  3:03  Roach Warren  
  29  3:33  Zergling x2  
  29  3:34  Zergling x6  
  32  3:35  Zergling x2  
  34  3:43  Evolution Chamber  
  34  3:44  Queen  
  34  3:46  Drone  
  34  3:47  Overlord  
  36  4:11  Lair  
  36  4:16  Drone x6  
  42  4:21  Extractor  
  41  4:24  Overlord x2  
  41  4:25  Drone  
  42  4:53  Roach  
  42  4:54  Roach x4, Overlord x2  
  42  4:55  Roach x2  
  50  5:26  Drone  
  50  5:27  Drone x8  
  59  5:53  Roach x3  
  64  6:07  Roach x2  
  64  6:08  Roach x2  
  72  6:12  Zerg Missile Weapons Level 1  
  72  6:13  Overlord  
  72  6:14  Overlord  
  72  6:20  Drone  
  72  6:21  Drone  
  74  6:26  Roach  
  74  6:27  Overlord  
  74  6:28  Overlord  
  76  6:33  Glial Reconstitution  
  66  6:57  Roach  
  66  6:58  Roach x4  
  65  8:01  Roach  
  65  8:02  Roach x9  
  87  8:20  Roach x2  
  77  8:40  Drone  
  77  8:41  Drone x7  
  79  8:47  Extractor  
  70  8:49  Drone  
  72  8:55  Ravager, Extractor  
  73  9:38  Roach  
  73  9:39  Roach x6  
  73  9:41  Roach x3  
  73  9:45  Drone x3  
  94  9:47  Drone  
  94  9:48  Drone  
  94  9:49  Drone  
  97  10:05  Hatchery  
  96  10:13  Hydralisk Den  
  96  10:14  Hatchery  
  94  10:15  Queen  
  94  10:21  Zerg Missile Weapons Level 2  
  96  10:41  Drone x5  
  96  10:42  Drone x3  
  104  10:46  Drone x3  
  104  10:47  Overlord x3  
  104  10:48  Overlord x2  
  107  10:56  Muscular Augments  
  107  11:06  Queen  
  109  11:20  Overlord x2  
  109  11:23  Roach x6  
  109  11:24  Roach  
  123  11:34  Hydralisk x4  
  123  11:35  Hydralisk  
  133  11:57  Hydralisk  
  133  11:58  Hydralisk x2  
  133  11:59  Hydralisk x2, Roach x3  
  149  12:04  Ravager x2  
  149  12:05  Ravager x2  
  153  12:08  Overlord  
  153  12:33  Hydralisk x4, Roach  
  153  12:34  Roach x5  
  171  13:19  Overlord x3  
Tags
 
Matchup
ZvZ
Race
Zerg
Replay Pack
Multiplayer
Spawn Locations
Cross Positions
Add a new tag
Caveats
  • Supply blocks, unpowered buildings, or Contaminate may cause inaccurate times.
  • Supply counts are checked every 10 seconds.